MID
KANE COUNTY COUGARS @ DAYTON DRAGONS
05/07/2044
 
TOP OF THE 1ST
Kane County Cougars batting - Pitching for Dayton Dragons : RHP Roberto Cortez
Pitching: RHP Roberto Cortez
Batting: LHB Willie Gutierrez 0-0: Ball
1-0: Ground out 6-3 (Groundball, 6D, EV 88.8 MPH)
Batting: LHB T.J. Duvall 0-0: Called Strike
0-1: Ball
1-1: Ball
2-1: Called Strike
2-2: Ball
3-2: Ground out 4-3 (Groundball, 4, EV 105.0 MPH)
Batting: RHB Dave Vargas 0-0: Called Strike
0-1: Called Strike
0-2: Foul Ball, location: 2F
0-2: Ball
1-2: SINGLE (Groundball, 4M, EV 105.0 MPH) (infield hit)
Batting: RHB Matt Maxwell 0-0: Ball
1-0: Foul Ball, location: 2F
1-1: Called Strike
1-2: Foul Ball, location: 2F
1-2: Ball
2-2: Foul Ball, location: 2F
2-2: Strikes out swinging
Top of the 1st over - 0 runs, 1 hit, 0 errors, 1 left on base; Kane County 0 - Dayton 0
BOTTOM OF THE 1ST
Dayton Dragons batting - Pitching for Kane County Cougars : RHP Travis Plesz
Pitching: RHP Travis Plesz
Batting: RHB Bruno André 0-0: Ball
1-0: Foul Ball, location: 2F
1-1: Ball
2-1: Fly out, F9 (Line Drive, 9, EV 98.8 MPH)
Batting: LHB Leo Gomez 0-0: Called Strike
0-1: Ball
1-1: Ball
2-1: Fly out, F9 (Flyball, 9, EV 94.4 MPH)
Batting: LHB Chris Grunwald 0-0: Ball
1-0: Foul Ball, location: 2F
1-1: Foul Ball, location: 2F
1-2: Ball
2-2: Ball
3-2: Reached on error, E4 (Groundball, 4, EV 108.1 MPH)
Batting: SHB Kristian Kristensen 0-0: Foul Ball, location: 2F
0-1: Called Strike
0-2: Ball
1-2: Ball
2-2: Ground out 6-3 (Groundball, 6, EV 88.8 MPH)
Bottom of the 1st over - 0 runs, 0 hits, 1 error, 1 left on base; Kane County 0 - Dayton 0
TOP OF THE 2ND
Kane County Cougars batting - Pitching for Dayton Dragons : RHP Roberto Cortez
Batting: RHB John Pena 0-0: Called Strike
0-1: Foul Ball, location: 2F
0-2: Ground out 6-3 (Groundball, 6, EV 88.1 MPH)
Batting: RHB Jake Hodge 0-0: Called Strike
0-1: Ground out U3 (Groundball, 3, EV 91.2 MPH)
Batting: RHB Curt Barrett 0-0: Ball
1-0: Called Strike
1-1: Called Strike
1-2: Strikes out swinging
Top of the 2nd over - 0 runs, 0 hits, 0 errors, 0 left on base; Kane County 0 - Dayton 0
BOTTOM OF THE 2ND
Dayton Dragons batting - Pitching for Kane County Cougars : RHP Travis Plesz
Batting: RHB John Galluzzo 0-0: Called Strike
0-1: SINGLE (Groundball, 56D, EV 100.6 MPH)
Batting: RHB Ben Hinman 0-0: Foul Ball, location: 2F
0-1: Fly out, F8 (Flyball, 8RS, EV 88.8 MPH)
Batting: RHB Pat Grover 0-0: Ball
1-0: Grounds into double play, 3-6-3 (Groundball, 34, EV 86.2 MPH)
Bottom of the 2nd over - 0 runs, 1 hit, 0 errors, 0 left on base; Kane County 0 - Dayton 0
TOP OF THE 3RD
Kane County Cougars batting - Pitching for Dayton Dragons : RHP Roberto Cortez
Batting: LHB Brian Nielsen 0-0: Ball
1-0: Foul Ball, location: 2F
1-1: Foul Ball, location: 2F
1-2: Foul Ball, location: 2F
1-2: Ground out U3 (Groundball, 34, EV 96.9 MPH)
Batting: RHB Jason Rivers 0-0: Called Strike
0-1: Ball
1-1: Foul Ball, location: 2F
1-2: Strikes out looking
Batting: LHB Willie Gutierrez 0-0: Swinging Strike
0-1: Ground out 4-3 (Groundball, 4S, EV 71.2 MPH)
Top of the 3rd over - 0 runs, 0 hits, 0 errors, 0 left on base; Kane County 0 - Dayton 0
BOTTOM OF THE 3RD
Dayton Dragons batting - Pitching for Kane County Cougars : RHP Travis Plesz
Batting: RHB Frank Moron 0-0: Ball
1-0: Ball
2-0: Called Strike
2-1: Swinging Strike
2-2: Ball
3-2: Strikes out swinging
Batting: RHB Tim Walter 0-0: Called Strike
0-1: Ball
1-1: Ball
2-1: Swinging Strike
2-2: Hit by Pitch
Batting: RHB Bruno André 0-0: Ball
1-0: Foul Ball, location: 2F
1-1: Called Strike
1-2: Ball
2-2: Ball
Wild Pitch!
Tim Walter to second
3-2: Foul Ball, location: 2F
3-2: Fly out, F9 (Flyball, 9, EV 89.4 MPH)
Batting: LHB Leo Gomez 0-0: Called Strike
0-1: Called Strike
0-2: TRIPLE (Flyball, 9LD, EV 91.2 MPH)
Tim Walter scores
Batting: LHB Chris Grunwald 0-0: Ball
1-0: Swinging Strike
1-1: SINGLE (Groundball, 6M, EV 94.4 MPH)
Leo Gomez scores
Batting: SHB Kristian Kristensen 0-0: Called Strike
0-1: Swinging Strike
0-2: Foul Ball, location: 2F
0-2: Ball
1-2: Ground out U3 (Groundball, 3, EV 78.1 MPH)
Bottom of the 3rd over - 2 runs, 2 hits, 0 errors, 1 left on base; Kane County 0 - Dayton 2
TOP OF THE 4TH
Kane County Cougars batting - Pitching for Dayton Dragons : RHP Roberto Cortez
Batting: LHB T.J. Duvall 0-0: Ball
1-0: Ball
2-0: SINGLE (Groundball, 4D, EV 95.6 MPH)
Batting: RHB Dave Vargas 0-0: TRIPLE (Flyball, 8RXD, EV 103.8 MPH)
T.J. Duvall scores
Batting: RHB Matt Maxwell 0-0: Called Strike
0-1: Called Strike
0-2: Ball
1-2: Foul Ball, location: 2F
1-2: Strikes out swinging
Batting: RHB John Pena 0-0: Called Strike
0-1: Foul Ball, location: 2F
0-2: Ball
1-2: Ball
2-2: Foul Ball, location: 2F
2-2: Strikes out swinging
Batting: RHB Jake Hodge 0-0: Foul Ball, location: 2F
0-1: Ground out 5-3 (Groundball, 56, EV 89.4 MPH)
Top of the 4th over - 1 run, 2 hits, 0 errors, 1 left on base; Kane County 1 - Dayton 2
BOTTOM OF THE 4TH
Dayton Dragons batting - Pitching for Kane County Cougars : RHP Travis Plesz
Batting: RHB John Galluzzo 0-0: Swinging Strike
0-1: Ground out 4-3 (Groundball, 4, EV 81.9 MPH)
Batting: RHB Ben Hinman 0-0: Ball
1-0: Called Strike
1-1: Swinging Strike
1-2: Ground out 4-3 (Groundball, 4, EV 83.1 MPH)
Batting: RHB Pat Grover 0-0: Ball
1-0: Ball
2-0: Foul Ball, location: 2F
2-1: Foul Ball, location: 2F
2-2: Ball
3-2: Fly out, F5 (Line Drive, 5, EV 71.2 MPH)
Bottom of the 4th over - 0 runs, 0 hits, 0 errors, 0 left on base; Kane County 1 - Dayton 2
TOP OF THE 5TH
Kane County Cougars batting - Pitching for Dayton Dragons : RHP Roberto Cortez
Batting: RHB Curt Barrett 0-0: Ball
1-0: Ball
2-0: Ball
3-0: Base on Balls
Batting: LHB Brian Nielsen 0-0: Swinging Strike
0-1: Foul Ball, location: 2F
0-2: Strikes out swinging
Batting: RHB Jason Rivers 0-0: Ball
1-0: Called Strike
1-1: Called Strike
1-2: Strikes out swinging
Batting: LHB Willie Gutierrez 0-0: Ball
1-0: Swinging Strike
1-1: Foul Ball, location: 2F
1-2: Ball
2-2: Ground out 1-3 (Groundball, 13, EV 73.8 MPH)
Top of the 5th over - 0 runs, 0 hits, 0 errors, 1 left on base; Kane County 1 - Dayton 2
BOTTOM OF THE 5TH
Dayton Dragons batting - Pitching for Kane County Cougars : RHP Travis Plesz
Batting: RHB Frank Moron 0-0: Foul Ball, location: 2F
0-1: Called Strike
0-2: Ball
1-2: Foul Ball, location: 2F
1-2: Ball
2-2: Ball
3-2: SINGLE (Groundball, 6MD, EV 103.1 MPH) (infield hit)
Batting: RHB Tim Walter 0-0: Called Strike
0-1: Foul Ball, location: 2F
0-2: Ball
1-2: Ground out 5-3 (Groundball, 56, EV 88.1 MPH)
Frank Moron to second
Batting: RHB Bruno André 0-0: Ball
1-0: Foul Ball, location: 2F
1-1: Foul Ball, location: 2F
1-2: Ball
2-2: DOUBLE (Flyball, 8RXD, EV 100.6 MPH)
Frank Moron scores
Batting: LHB Leo Gomez 0-0: Ball
1-0: Swinging Strike
1-1: Foul Ball, location: 2F
1-2: Foul Ball, location: 2F
1-2: Fly out, F2 (Popup, 2LF, EV 94.4 MPH)
Batting: LHB Chris Grunwald 0-0: DOUBLE (Line Drive, 89M, EV 111.2 MPH)
Bruno André scores
Batting: SHB Kristian Kristensen 0-0: Ball
1-0: Foul Ball, location: 2F
1-1: Called Strike
1-2: Fly out, F4 (Flyball, 34D, EV 85.6 MPH)
Bottom of the 5th over - 2 runs, 3 hits, 0 errors, 1 left on base; Kane County 1 - Dayton 4
TOP OF THE 6TH
Kane County Cougars batting - Pitching for Dayton Dragons : RHP Roberto Cortez
Batting: LHB T.J. Duvall 0-0: Called Strike
0-1: Fly out, F9 (Flyball, 89S, EV 84.4 MPH)
Batting: RHB Dave Vargas 0-0: Ground out 6-3 (Groundball, 6, EV 79.4 MPH)
Batting: RHB Matt Maxwell 0-0: Ball
1-0: Called Strike
1-1: Ball
2-1: Swinging Strike
2-2: Strikes out swinging
Top of the 6th over - 0 runs, 0 hits, 0 errors, 0 left on base; Kane County 1 - Dayton 4
BOTTOM OF THE 6TH
Dayton Dragons batting - Pitching for Kane County Cougars : RHP Travis Plesz
Pitching: RHP Nate Bixler
Batting: RHB John Galluzzo 0-0: Called Strike
0-1: Swinging Strike
0-2: Strikes out swinging
Batting: RHB Ben Hinman 0-0: Ball
1-0: Foul Ball, location: 2F
1-1: Foul Ball, location: 2F
1-2: Hit by Pitch
Batting: RHB Pat Grover 0-0: Called Strike
0-1: Foul Ball, location: 2F
0-2: Strikes out swinging
Batting: RHB Frank Moron 0-0: Ball
1-0: Foul Ball, location: 2F
1-1: Swinging Strike
1-2: Fielders Choice at 2nd, 6-4 (Groundball, 6, EV 81.2 MPH)
Bottom of the 6th over - 0 runs, 0 hits, 0 errors, 1 left on base; Kane County 1 - Dayton 4
TOP OF THE 7TH
Kane County Cougars batting - Pitching for Dayton Dragons : RHP Roberto Cortez
Batting: RHB John Pena 0-0: Swinging Strike
0-1: Ball
1-1: Swinging Strike
1-2: Ball
2-2: Strikes out looking
Batting: RHB Jake Hodge 0-0: Ball
1-0: Ground out 5-3 (Groundball, 56S, EV 88.1 MPH)
Batting: RHB Curt Barrett 0-0: Called Strike
0-1: Ball
1-1: Reached on error, E5 (Groundball, 5S, EV 83.8 MPH)
Batting: LHB Brian Nielsen 0-0: Ball
1-0: Ground out U3 (Groundball, 34S, EV 80.0 MPH)
Top of the 7th over - 0 runs, 0 hits, 1 error, 1 left on base; Kane County 1 - Dayton 4
BOTTOM OF THE 7TH
Dayton Dragons batting - Pitching for Kane County Cougars : RHP Nate Bixler
Pitching: RHP Mike Cain
Batting: RHB Tim Walter 0-0: Called Strike
0-1: Foul Ball, location: 2F
0-2: Fly out, F3 (Popup, 34, EV 71.2 MPH)
Batting: RHB Bruno André 0-0: Called Strike
0-1: Ball
1-1: Ball
2-1: SINGLE (Flyball, 7LS, EV 95.6 MPH)
Batting: LHB Leo Gomez 0-0: Swinging Strike
0-1: Ball
Bruno André steals 2nd base
1-1: Foul Ball, location: 2F
1-2: Ball
2-2: Foul Ball, location: 2F
2-2: Ground out 5-3 (Groundball, 56S, EV 85.6 MPH)
Batting: LHB Chris Grunwald 0-0: Ball
1-0: Ball
2-0: Ball
3-0: Base on Balls
Batting: SHB Kristian Kristensen 0-0: Ball
1-0: Fly out, F6 (Popup, 6S, EV 86.2 MPH)
Bottom of the 7th over - 0 runs, 1 hit, 0 errors, 2 left on base; Kane County 1 - Dayton 4
TOP OF THE 8TH
Kane County Cougars batting - Pitching for Dayton Dragons : RHP Roberto Cortez
Batting: RHB Jason Rivers 0-0: Ground out 1-3 (Groundball, 15S, EV 63.8 MPH)
Pitching: LHP Tim Ketcham
Batting: LHB Willie Gutierrez 0-0: Ball
1-0: Foul Ball, location: 2F
1-1: Ground out U3 (Groundball, 3S, EV 76.9 MPH)
Batting: LHB T.J. Duvall 0-0: Ball
1-0: Foul Ball, location: 2F
1-1: Foul Ball, location: 2F
1-2: Strikes out swinging
Top of the 8th over - 0 runs, 0 hits, 0 errors, 0 left on base; Kane County 1 - Dayton 4
BOTTOM OF THE 8TH
Dayton Dragons batting - Pitching for Kane County Cougars : RHP Mike Cain
Pitching: LHP Wibawa Simbolon
Batting: RHB John Galluzzo 0-0: Called Strike
0-1: Ball
1-1: Ball
2-1: Foul Ball, location: 2F
2-2: Ground out 6-3 (Groundball, 6, EV 92.5 MPH)
Batting: RHB Ben Hinman 0-0: Ball
1-0: Foul Ball, location: 2F
1-1: Ball
2-1: Ball
3-1: Swinging Strike
3-2: Strikes out swinging
Batting: RHB Pat Grover 0-0: SOLO HOME RUN (Flyball, 7LD, EV 88.8 MPH), Distance : 335 ft
Batting: RHB Frank Moron 0-0: Ball
1-0: Called Strike
1-1: Foul Ball, location: 2F
1-2: Hit by Pitch, AND HE CHARGES THE MOUND! The benches clear!
Pitching: LHP Robert Fuentes
Pinch Runner at 1st Andrew Hamm:
Batting: RHB Tim Walter 0-0: Ball
1-0: Fielders Choice at 2nd, U4 (Groundball, 4M, EV 78.1 MPH)
Bottom of the 8th over - 1 run, 1 hit, 0 errors, 1 left on base; Kane County 1 - Dayton 5
TOP OF THE 9TH
Kane County Cougars batting - Pitching for Dayton Dragons : LHP Tim Ketcham
Now at 3B: Jonathan Davis
Batting: RHB Dave Vargas 0-0: Foul Ball, location: 2F
0-1: Foul Ball, location: 2F
0-2: Fly out, F8 (Line Drive, 8LD, EV 92.5 MPH)
Batting: RHB Matt Maxwell 0-0: Called Strike
0-1: Swinging Strike
0-2: Foul Ball, location: 2F
0-2: Ground out 5-3 (Groundball, 56S, EV 81.9 MPH)
Batting: RHB John Pena 0-0: Ball
1-0: Called Strike
1-1: Foul Ball, location: 2F
1-2: Strikes out swinging
Top of the 9th over - 0 runs, 0 hits, 0 errors, 0 left on base; Kane County 1 - Dayton 5
Thursday, March 31st , 2022 - OOTP Baseball 22.12 Build 89